AoeStats
← Lensten

Arabia

504494605Analyzed
1v1 RM · 28d ago on Sep 5, 2026· 40m 57s· 2 players
Game mode
Random Map
Map size
Tiny (2 player)
Population
200
Speed
Normal
Resources
Standard
Victory
Conquest
Starting age
Dark Age
Ending age
Imperial Age
RankedLock teamsTeams togetherTeam positionsShared explorationLock speedFull tech treeHidden civsTurbo modeCheats
Victory
Defeat
🇸🇪 Maya · Sweden
751
+15
🇩🇪 Magyars · Germany
727
-15
Lensten
9:13 Loom
10:59 Feudal Age
18:48 Castle Age
23:00 Double-Bit Axe
24:51 Scale Barding Armor
34:11 Chain Barding Armor
33:43 Fletching
33:54 Padded Archer Armor
38:50 Crossbowman
Smiley Virus
10:04 Feudal Age
9:25 Loom
10:33 Double-Bit Axe
11:25 Wheelbarrow
11:06 Town Watch
11:50 Arson
13:28 Horse Collar
13:48 Gold Mining
16:34 Fletching
16:55 Forging
24:18 Castle Age
22:40 Padded Archer Armor
22:45 Scale Mail Armor
23:37 Stone Mining
25:29 Squires
24:50 Pikeman
24:50 Eagle Warrior
25:16 Arson
25:01 Crossbowman
26:31 Bow Saw
28:09 Thumb Ring
30:00 Bodkin Arrow
30:40 Iron Casting
33:00 Hand Cart
35:48 Town Patrol
36:49 Leather Archer Armor
36:49 Chain Mail Armor
36:44 Heavy Plow
39:44 Ballistics
Connection lost

Rejoining the realm…

Still unreachable

The connection could not be restored.

Session expired

The server has moved on; the page needs a fresh start.